 Dungeon Crawl Stone Soup version 0.30-a0-457-g4b7bca3bfa (webtiles) character file.

Game seed: 14501340841042976133

170 Brandom the Grasshopper (level 5, 0/44 HPs)
             Began as an Armataur Warper on Dec 13, 2022.
             Was a Follower of Dithmenos.
             Slain by an orc
             ... wielding a +0 club
              (5 damage)
             ... on level 5 of the Dungeon.
             The game lasted 00:07:02 (3106 turns).

Brandom the Grasshopper (Armataur Warper)           Turns: 3106, Time: 00:07:03

Health: 0/44       AC:  9    Str: 17    XL:     5   Next: 25%
Magic:  17/17      EV:  5    Int: 15    God:    Dithmenos [*.....]
Gold:   137        SH:  0    Dex:  9    Spells: 3/8 levels left

rFire   . . .      SeeInvis .    a - +0 falchion
rCold   . . .      Faith    .    (no shield)
rNeg    . . .      Spirit   .    x - +0 chain mail
rPois   .          Reflect  .    h - +0 helmet
rElec   .          Harm     .    (no cloak)
rCorr   .          Roll     +    (no gloves)
Will    .....                    (no barding)
Stlth   ..........               (no amulet)
HPRegen 0.27/turn                j - ring of magical power
MPRegen 0.15/turn                (no ring)

@: wreathed by umbra
A: large, rugged brown scales 3, deformed body, armoured tail, roll, long
tongue, awkward tongue
a: Renounce Religion


You were on level 5 of the Dungeon.
You worshipped Dithmenos.
Dithmenos was aware of your devotion.
You visited 1 branch of the dungeon, and saw 5 of its levels.

You collected 137 gold pieces.

Inventory:

Hand Weapons
 a - a +0 falchion (weapon)
Missiles
 d - 7 boomerangs of dispersal (quivered) {!f}
 l - a throwing net {!f}
Armour
 b - a +0 leather armour
 f - a +0 robe
   (You took it off an orc wizard on level 2 of the Dungeon)
 h - a +0 helmet (worn)
   (You found it on level 1 of the Dungeon)
 i - a +0 robe
   (You found it on level 1 of the Dungeon)
 q - a +0 robe
   (You found it on level 2 of the Dungeon)
 s - a +0 ring mail
   (You found it on level 3 of the Dungeon)
 u - a +0 robe
   (You found it on level 3 of the Dungeon)
 v - a +0 robe
   (You found it on level 2 of the Dungeon)
 w - a +0 leather armour
   (You took it off an orc on level 3 of the Dungeon)
 x - a +0 chain mail (worn)
   (You took it off an orc on level 2 of the Dungeon)
 y - a +0 leather armour
   (You took it off an orc priest on level 3 of the Dungeon)
 A - a +0 leather armour
   (You took it off an orc on level 3 of the Dungeon)
 B - a +0 leather armour
   (You took it off an orc on level 3 of the Dungeon)
 C - a +0 cloak
   (You found it on level 5 of the Dungeon)
Jewellery
 j - a ring of magical power (left hand)
   (You found it on level 1 of the Dungeon)
Scrolls
 c - a scroll of blinking
 e - a scroll of magic mapping {unknown}
 k - a scroll of fear {unknown}
 n - a scroll of brand weapon {unknown}
 p - 2 scrolls of amnesia
 r - a scroll of noise {unknown}
Potions
 g - a potion of magic
 m - a potion of ambrosia {unknown}
 o - a potion of cancellation
 t - a potion of curing {@q1}
 z - a potion of degeneration {unknown}


   Skills:
 + Level 2.6 Fighting
 + Level 2.7 Long Blades
 - Level 0.8 Throwing
 + Level 2.8 Armour
 + Level 2.1 Dodging
 - Level 2.0 Spellcasting
 + Level 3.7 Translocations


You had 3 spell levels left.
You knew the following spells:

 Your Spells              Type           Power      Damage    Failure   Level
a - Teleport Other        Tloc           12%        N/A       92%         3
b - Blink                 Tloc           24%        N/A       75%         2

Your spell library contained the following spells:

 Spells                   Type           Power      Damage    Failure   Level
 Gell's Gravitas          Tloc           12%        N/A       92%         3
 Lesser Beckoning         Tloc           24%        N/A       92%         3
 Magic Dart               Conj           4%         1d3       98%         1
 Necrotise                Necr           4%         1d4       98%         1
 Sting                    Tmut/Pois      4%         1d3       98%         1
 Poisonous Vapours        Pois/Air       2%         N/A       99%         2
 Searing Ray              Conj           2%         2d4       99%         2
 Vhi's Electric Charge    Tloc/Air       14%        N/A       99%         3
 Vampiric Draining        Necr           1%         2d6       100%        3
 Fulminant Prism          Conj/Hex       0%         3d5       100%        4
 Manifold Assault         Tloc           12%        N/A       100%        4
 Olgreb's Toxic Radiance  Pois           1%         N/A       100%        4
 Agony                    Necr           1%         N/A       100%        5
 Dispersal                Tloc           6%         N/A       100%        6


Dungeon Overview and Level Annotations

Branches:
Dungeon (5/15)             Temple (0/1) D:5

Altars:
Dithmenos
Kikubaaqudgha
The Shining One


Innate Abilities, Weirdness & Mutations

You are completely covered in rugged brown scales. (AC +3, +7% HP)
Armour fits poorly on your strangely shaped body.
You have a long armoured tail.
You roll when moving toward enemies. (Rampage)
Your long tongue fully drains potion bottles. (2x potion effects)
Your tongue gives you trouble enunciating. (1.5x scroll delay)


Message History

The orc hits you with a +0 club. The orc hits you but does no damage.
The orc hits you but does no damage. The orc hits you with a +0 club.
The orc barely misses you. The orc hits you with a +0 club.
The orc barely misses you. The orc hits you with a +0 club.
The orc hits you with a +0 club.
* * * LOW HITPOINT WARNING * * *
The orc hits you but does no damage. The orc hits you but does no damage.
The orc barely misses you. The orc hits you with a +0 club.
* * * LOW HITPOINT WARNING * * *
The orc hits you but does no damage. The orc hits you but does no damage.
The orc hits you but does no damage. The orc hits you but does no damage.
The orc hits you with a +0 club.
* * * LOW HITPOINT WARNING * * *
The orc hits you but does no damage. The orc hits you but does no damage.
The orc hits you with a +0 club.
* * * LOW HITPOINT WARNING * * *
The orc hits you but does no damage. The orc hits you with a +0 club.
* * * LOW HITPOINT WARNING * * *
The orc barely misses you. The orc barely misses you.
The orc hits you but does no damage. The orc hits you but does no damage.
The orc closely misses you. The orc hits you but does no damage.
The orc hits you with a +0 club.
* * * LOW HITPOINT WARNING * * *
The orc hits you but does no damage.
Unknown command.
The orc hits you with a +0 club.
* * * LOW HITPOINT WARNING * * *
The orc hits you but does no damage. The orc hits you but does no damage.
The orc hits you with a +0 club.
* * * LOW HITPOINT WARNING * * *
Unknown command.
The orc hits you but does no damage. The orc hits you but does no damage.
The orc hits you but does no damage. The orc hits you with a +0 club.
You die...

###...##......##
#...##........
#...##......## #
#....<...
#........
##......#.
#.........
########.###..##
#@o......# ..#
########## ...
..


You could see an orc.

Vanquished Creatures
  An orc priest (D:3)
  An orc wizard (D:2)
  6 adders
  2 worms
  4 dart slugs
  8 orcs
  4 endoplasms
  2 giant cockroaches
  4 goblins (D:3)
  2 hobgoblins
  3 jackals (D:1)
  2 quokkas
  4 ball pythons
  A bat (D:3)
  3 frilled lizards
  9 kobolds
  2 rats
58 creatures vanquished.

Vanquished Creatures (others)
  An orc wizard (D:2)
1 creature vanquished.

Grand Total: 59 creatures vanquished

Notes
Turn   | Place    | Note
-------+----------+-------------------------------------------
     0 | D:1      | Brandom the Armataur Warper began the quest for the Orb.
     0 | D:1      | Reached XP level 1. HP: 18/18 MP: 3/3
   130 | D:1      | Reached XP level 2. HP: 20/25 MP: 4/4
   956 | D:2      | Reached XP level 3. HP: 31/31 MP: 6/6
  1085 | D:2      | Found a glowing golden altar of the Shining One.
  1642 | D:3      | Found an ancient bone altar of Kikubaaqudgha.
  1760 | D:3      | Reached XP level 4. HP: 36/38 MP: 7/7
  2344 | D:3      | Found a faded altar of an unknown god.
  2348 | D:3      | Prayed at the altar of an unknown god.
  2348 | D:3      | Became a worshipper of Dithmenos the Shadowed
  2348 | D:3      | Reached * piety under Dithmenos
  2654 | D:3      | Reached XP level 5. HP: 4/44 MP: 8/8
  2657 | D:3      | Learned a level 2 spell: Blink
  2661 | D:3      | Learned a level 3 spell: Teleport Other
  3032 | D:5      | Entered Level 5 of the Dungeon
  3032 | D:5      | Found a staircase to the Ecumenical Temple.
  3106 | D:5      | Slain by an orc

Illustrated notes

Levels and vault maps discovered:
D:1:      enne_arrival_octagon_isle, layout_rooms, nicolae_wormholes
D:2:      layout_loops_corners, basic_altar, st_stairs_14
D:3:      minmay_diamond_boxcup, layout_rooms, general_overflow_altar,
          nicolae_ecumenical_lake_church
D:4:      layout_loops_ring, nicolae_ru_sacrificial_ziggurat,
          fiery_altar_vehumet, minmay_quantized, uniq_crazy_yiuf_cottage,
          uniq_sigmund
D:5:      layout_basic, nemelex_dance_club_becter, kennysheep_little_box,
          chequers_temple_overflow_statue_of_worship,
          minmay_temple_entry_butterflies, st_stairs_7, uniq_eustachio,
          uniq_blork_the_orc, uniq_prince_ribbit1

Skill      XL: |  1  2  3  4 |
---------------+-------------+-----
Fighting       | 2 |  2.6
Spellcasting   | 2 |  2.0
Long Blades    | 2 |  2.7
Armour         | 2 |  2.8
Dodging        | 2 |  2.1
Throwing       | |  0.8
Translocations | |  3.7

Action                   |  1- 3 |  4- 6 || total
-------------------------+-------+-------++-------
Melee: Falchion          |   138 |   125 ||   263
       Tailslap          |    13 |    11 ||    24
  Use: Scroll            |     3 |     1 ||     4
       Potion            |       |     2 ||     2
Armor: Leather armour    |    79 |    45 ||   124
       Skin              |       |     1 ||     1
       Chain mail        |       |    28 ||    28
Dodge: Dodged            |    75 |    57 ||   132

Table legend: (Time is in decaauts)
 A = Elapsed time spent in this place.
 B = Non-inter-level travel time spent in this place.
 C = Inter-level travel time spent in this place.
 D = Time resting spent in this place.
 E = Time spent auto-exploring this place.
 F = Levels seen in this place.
 G = Mean time per level.
                   A        B        C        D        E       F      G
               +--------+--------+--------+--------+--------+-----+--------+
         Total |   3158 |   3019 |    139 |    137 |   2242 |   5 |  631.6 |
       Dungeon |   3158 |   3019 |    139 |    137 |   2242 |   5 |  631.6 |
               +--------+--------+--------+--------+--------+-----+--------+

Top non-repeatable levels by time:
     D:3: 1228 daAuts
     D:2: 1098 daAuts
     D:1: 739 daAuts
     D:5: 73 daAuts
     D:4: 17 daAuts
